 Seeded DCSS version 0.28-a0-1555-g9ae15a6949 (webtiles) character file.

Game seed: 27 (custom seed)

70 knot the Chopper (level 4, 22/35 HPs)
             Began as a Demonspawn Berserker on Jan 19, 2022.
             Was a Follower of Trog.
             Quit the game on level 2 of the Dungeon.
             The game lasted 00:00:36 (767 turns).

knot the Chopper (Demonspawn Berserker)              Turns: 767, Time: 00:00:37

Health: 22/35      AC:  2    Str: 17    XL:     4   Next: 4%
Magic:  4/4        EV: 12    Int: 11    God:    Trog [*.....]
Gold:   11         SH:  4    Dex: 12    Spells: 3/3 levels left

rFire   . . .      SeeInvis .   a - +0 hand axe
rCold   . . .      Faith    .   (no shield)
rNeg    . . .      Spirit   .   b - +0 animal skin
rPois   .          Reflect  .   (helmet restricted)
rElec   .          Harm     .   (no cloak)
rCorr   .          Rampage  .   (no gloves)
Will    .....                   (no boots)
Stlth   +.........              (no amulet)
HPRegen 0.11/turn               (no ring)
MPRegen 0.09/turn               (no ring)

@: no status effects
A: horns 1, condensation shield
a: Renounce Religion, Berserk


You were on level 2 of the Dungeon.
You worshipped Trog.
Trog was aware of your devotion.
You visited 1 branch of the dungeon, and saw 2 of its levels.

You collected 11 gold pieces.

Inventory:

Hand Weapons
 a - a +0 hand axe (weapon)
Missiles
 c - 19 stones (quivered)
 d - 12 sling bullets
Armour
 b - a +0 animal skin (worn)
Scrolls
 e - a scroll of teleportation {unknown}


   Skills:
 - Level 3.0 Fighting
 + Level 4.5 Axes
 - Level 1.7 Armour
 - Level 1.7 Dodging


You had 3 spell levels left.
You didn't know any spells.
Your spell library was empty.

Dungeon Overview and Level Annotations

Branches:
Dungeon (1/15)

Altars:


Innate Abilities, Weirdness & Mutations

You have a pair of small horns on your head.
A meltable shield of frost defends you. (SH +4)


Message History

You completely miss the quokka. The quokka barely misses you.
The quokka completely misses you.
You barely miss the quokka. Your headbutt misses the quokka.
The quokka barely misses you.
You miss the quokka. The quokka misses you.
You hit the quokka.
The quokka is moderately wounded.
The quokka bites you. x2
You barely miss the quokka.
The quokka is moderately wounded.
The quokka bites you.
You barely miss the quokka. You headbutt the quokka.
You kill the quokka!
Trog accepts your kill.
An adder comes into view.
An adder is nearby!
An adder is nearby!
An adder is nearby!
There is an open door, spattered with blood here.
The adder hisses angrily.
You closely miss the adder. Your headbutt misses the adder.
The adder closely misses you.
You closely miss the adder. The adder barely misses you.
The adder closely misses you.
You hit the adder.
The adder is moderately wounded.
The adder bites you.
You closely miss the adder. Your headbutt misses the adder.
The adder is moderately wounded.
The adder bites you. The adder closely misses you.
You hit the adder.
The adder is severely wounded.
The adder bites you.
You hit the adder.
You kill the adder!
Trog accepts your kill.
You have reached level 4!
You feel clever.
Your demonic ancestry asserts itself...
Frost condenses into a shield before you.
Are you sure you want to abandon this character and quit the game? (Confirm with "yes".)

#.#........# .. .
#...###....####....
#...)).)...)......
#.####............
#.# ###.......... #.#
#.......### ####'###
#......... #......#
#..........
#......####@†........
#......##.'..........
#......##.#........
####'####.#....####
######.# #.#....#
#..)##.# #.#....#
#...##'####.#....#
#........##.#....#
#........##.######


There were no monsters in sight!

Vanquished Creatures
  Jessica (D:2)
  3 gnolls (D:2)
  An adder (D:2)
  2 quokkas (D:2)
  2 kobolds (D:2)
9 creatures vanquished.

Notes
Turn   | Place    | Note
-------+----------+-------------------------------------------
     0 | D:1      | knot the Demonspawn Berserker began the quest for the Orb.
     0 | D:1      | Reached XP level 1. HP: 18/18 MP: 1/1
    83 | D:1      | You fall into a shaft and drop 1 floor!
    83 | D:2      | Noticed Jessica
    88 | D:2      | Killed Jessica
    89 | D:2      | Reached skill level 3 in Axes
    89 | D:2      | Gained mutation: You have a pair of small horns on your
                  | head. [demonic ancestry]
    89 | D:2      | Reached XP level 2. HP: 24/24 MP: 2/2
   345 | D:2      | Reached XP level 3. HP: 29/29 MP: 3/3
   348 | D:2      | Reached skill level 4 in Axes
   767 | D:2      | Gained mutation: A meltable shield of frost defends you.
                  | (SH +4) [demonic ancestry]
   767 | D:2      | Reached XP level 4. HP: 22/35 MP: 4/4
   767 | D:2      | Quit the game

Illustrated notes

Levels and vault maps discovered:
D:1:      nagdon_arrival_double_spiral, layout_basic
D:2:      layout_basic, basic_altar, uniq_jessica

Skill      XL: |  1  2  3 |
---------------+----------+-----
Axes           | 3 4 |  4.5
Fighting       | |  3.0
Armour         | |  1.7
Dodging        | |  1.7

Action                   |  1- 3 |  4- 6 || total
-------------------------+-------+-------++-------
Melee: Hand axe          |    36 |       ||    36
       Punch             |     2 |       ||     2
       Headbutt          |     6 |       ||     6
Invok: Berserk           |     2 |       ||     2
Armor: Animal skin       |     4 |       ||     4
Dodge: Dodged            |    19 |       ||    19

Table legend: (Time is in decaauts)
 A = Elapsed time spent in this place.
 B = Non-inter-level travel time spent in this place.
 C = Inter-level travel time spent in this place.
 D = Time resting spent in this place.
 E = Time spent auto-exploring this place.
 F = Levels seen in this place.
 G = Mean time per level.
                   A        B        C        D        E       F      G
               +--------+--------+--------+--------+--------+-----+--------+
         Total |    791 |    791 |      0 |    488 |    218 |   2 |  395.5 |
       Dungeon |    791 |    791 |      0 |    488 |    218 |   2 |  395.5 |
               +--------+--------+--------+--------+--------+-----+--------+

Top non-repeatable levels by time:
     D:2: 708 daAuts
     D:1: 83 daAuts
